cohdb
Replays
Latest Replays
All Replays
Popular Replays
Top Player Replays
Match Explorer
How It Works
Community
CoH3 Stats
Reddit
Sign in to upload your games and track your stats! →
Sign in with Steam
Match 40242555
Unlisted
Match 40242555
Overview
Messages
Build Orders
End
Vickers Machine Gun Team
Construct Section Command Post
Selects Canadian Shock Battlegroup
Royal Engineer Section
ML 3-inch Mortar Team
Construct Platoon Command Post
Selects Attacking Spirit
Selects Canadian Shock Section
Canadian Shock Section
Humber Armored Car
Light Vehicle Training
Selects Incendiary Munitions
Canadian Shock Section
Selects Pyrotechnics
Construct Company Command Post
Canadian Shock Section
Matilda II Heavy Tank
Armored Vehicle Training
Matilda II Heavy Tank
Infantry Training
Selects Churchill Crocodile Heavy Tank
CMP 15cwt Truck
FlyinRyan
肘术回战
Salacious Crumb
Firm Hands
ZELOT
Unsafe
亦生亦死过去身
鞋墊兒
0
0
Comments
sign in to comment!
No comments posted yet!